 Dungeon Crawl Stone Soup version 0.30-a0-367-g839099abd5 (webtiles) character file.

Game seed: 9979739822000884763

129 Aramant the Covered (level 4, -2/40 HPs)
             Began as an Armataur Fighter on Nov 18, 2022.
             Was an Initiate of the Shining One.
             Frozen to death by an endoplasm (4 damage)
             ... on level 4 of the Dungeon.
             The game lasted 00:05:09 (653 turns).

Aramant the Covered (Armataur Fighter)               Turns: 653, Time: 00:05:11

Health: -2/40      AC:  7    Str: 21    XL:     4   Next: 88%
Magic:  0/4        EV:  7    Int:  9    God:    the Shining One [......]
Gold:   32         SH:  4    Dex: 11    Spells: 3/3 levels left

rFire   . . .      SeeInvis .    a - +0 long sword
rCold   . . .      Faith    .    c - +0 buckler
rNeg    . . .      Spirit   +    b - +0 scale mail
rPois   +          Reflect  .    (no helmet)
rElec   .          Harm     .    (no cloak)
rCorr   .          Roll     +    (no gloves)
Will    .....                    (no barding)
Stlth   ..........               h - amulet of guardian spirit
HPRegen 0.26/turn                f - ring of poison resistance
MPRegen 0.09/turn                (no ring)

@: glowing
A: large, rugged brown scales 3, deformed body, armoured tail, roll, long
tongue, awkward tongue
a: Renounce Religion


You were on level 4 of the Dungeon.
You worshipped the Shining One.
The Shining One was noncommittal.
You visited 1 branch of the dungeon, and saw 4 of its levels.

You collected 32 gold pieces.

Inventory:

Hand Weapons
 a - a +0 long sword (weapon)
Armour
 b - a +0 scale mail (worn)
 c - a +0 buckler (worn)
Jewellery
 f - a ring of poison resistance (left hand)
 h - an amulet of guardian spirit (around neck)
Wands
 l - a wand of flame (19)
 m - a wand of paralysis (8)
Scrolls
 e - a scroll of fear {unknown}
 j - a scroll of summoning {unknown}
 k - a scroll of noise {unknown}
Potions
 d - a potion of might
 g - 2 potions of mutation
 i - 2 potions of curing {unknown}
 n - a potion of heal wounds {unknown}


   Skills:
 + Level 3.2 Fighting
 + Level 2.8 Long Blades
 + Level 4.8 Armour
 + Level 0.3 Dodging
 + Level 4.1 Shields


You had 3 spell levels left.
You didn't know any spells.
Your spell library was empty.

Dungeon Overview and Level Annotations

Branches:
Dungeon (4/15)
 Temple: D:4-7

Altars:
Cheibriados
Hepliaklqana
Trog
The Shining One

Annotations:
D:4 Pikel


Innate Abilities, Weirdness & Mutations

You are completely covered in rugged brown scales. (AC +3, +7% HP)
Armour fits poorly on your strangely shaped body.
You have a long armoured tail.
You roll when moving toward enemies. (Rampage)
Your long tongue fully drains potion bottles. (2x potion effects)
Your tongue gives you trouble enunciating. (1.5x scroll delay)


Message History

The endoplasm quivers.
The orc hits you with a +0 flail. The adder closely misses you.
The orc closely misses you.
The orc priest hits you with a +0 short sword.
The orc hits you with a +0 flail. The orc priest closely misses you.
Pikel says, "You'll rot in Tartarus!"
You closely miss the orc. The adder bites you. You block the orc's attack.
The orc hits you with a +0 flail. You block the orc priest's attack.
You block the orc's attack. The adder bites you but does no damage.
The endoplasm freezes you.
You are frozen.
The orc hits you but does no damage.
You hit the endoplasm.
You tail-slap the endoplasm, but do no damage.
The endoplasm is heavily wounded.
The endoplasm freezes you.
You are frozen.
You block Pikel's attack. The orc completely misses you.
The endoplasm freezes you.
You are frozen.
The orc barely misses you. x2
The orc hits you but does no damage. You block Pikel's attack.
Okay, then.
Aiming: Throw Flame
Press: ? - help, Q - select action, (/) - cycle Shift-Dir - straight line, f - orc
Aim: an orc, wielding a +0 mace and wearing a +0 chain mail (77% to hit)
The puff of flame hits the orc.
The orc is moderately wounded.
The endoplasm freezes you.
You are frozen.
You block the orc's attack. The orc hits you with a +0 flail!
* * * LOW HITPOINT WARNING * * *
The orc closely misses you.
Pikel hits you with a +1 whip of flaming.
* * * LOW HITPOINT WARNING * * *
Pikel burns you.
* * * LOW HITPOINT WARNING * * *
Aiming: Paralyse
Press: ? - help, Shift-Dir - straight line, f - Pikel, p - orc
Aim: Pikel, wielding a +1 whip of flaming, wearing a +2 robe of cold resistance and carrying a wand of iceblast (9) (chance to affect: 49%) Pikel suddenly stops moving!
The endoplasm freezes you.
You are frozen.
You die...

####..####...##...##.....
..<......#...............
.........#.$5............
.........'.5.............
###....##...##.####+###.
###....##...##.####..##.
#....55S#............#..
#.....oK#............#..
#....oo@#............#..
#....oJo#............#..
#.....###..##..##..####.
#..... #..##..####.
#..... ......).......
#..... ..............
#..... ..............
##.. ###...##.##... #...
#.##...


You could see Pikel (paralysed), 2 lemures, an orc priest, an adder, 4 orcs and
an endoplasm.

Vanquished Creatures
  An orc priest (D:4)
  A jelly (D:4)
  An iguana (D:4)
  2 adders (D:4)
  2 dart slugs
  3 orcs (D:4)
  2 endoplasms
  4 goblins
  6 kobolds
  A bat (D:1)
  A frilled lizard (D:1)
  2 rats (D:1)
26 creatures vanquished.

Notes
Turn   | Place    | Note
-------+----------+-------------------------------------------
     0 | D:1      | Aramant the Armataur Fighter began the quest for the Orb.
     0 | D:1      | Reached XP level 1. HP: 19/19 MP: 1/1
   203 | D:1      | Reached XP level 2. HP: 26/26 MP: 2/2
   414 | D:4      | Found a hazy altar of Hepliaklqana.
   420 | D:4      | Reached XP level 3. HP: 32/32 MP: 3/3
   432 | D:4      | Found a glowing golden altar of the Shining One.
   432 | D:4      | Found a snail-covered altar of Cheibriados.
   433 | D:4      | Found a bloodstained altar of Trog.
   441 | D:4      | Reached XP level 4. HP: 17/40 MP: 4/4
   445 | D:4      | Became a worshipper of the Shining One
   630 | D:4      | Noticed Pikel
   631 | D:4      | Noticed a lemure
   633 | D:4      | Noticed a lemure
   652 | D:4      | HP: 2/40 [Pikel/+1 whip of flaming (3)]
   653 | D:4      | Frozen to death by an endoplasm

Illustrated notes

Levels and vault maps discovered:
D:1:      nzn_arrival_depleted_hourglass, layout_basic, serial_shops,
          nicolae_shop_advertising_works [nicolae_subvault_shop_adworks]
D:2:      layout_loops_ring, minmay_misc_feat_hallway, minmay_misc_feat_tower
D:3:      layout_loops_ring
D:4:      layout_gridville, chequers_temple_overflow_statue_of_worship,
          gup_sewer_entry_bowl, serial_shops, shop, guppyfry_shop_venom,
          uniq_pikel

Skill      XL: |  1  2  3 |
---------------+----------+-----
Armour         | 4 |  4.8
Long Blades    | 2 |  2.8
Fighting       | 3 |  3.2
Shields        | 4 |  4.1
Dodging        | |  0.3

Action                   |  1- 3 |  4- 6 || total
-------------------------+-------+-------++-------
Melee: Long sword        |    67 |    24 ||    91
       Tailslap          |     5 |     1 ||     6
Evoke: Wand              |       |     2 ||     2
  Use: Scroll            |     1 |       ||     1
       Potion            |     1 |       ||     1
Armor: Scale mail        |    25 |    21 ||    46
Dodge: Dodged            |    20 |    16 ||    36
Block: Buckler           |    12 |    12 ||    24

Table legend: (Time is in decaauts)
 A = Elapsed time spent in this place.
 B = Non-inter-level travel time spent in this place.
 C = Inter-level travel time spent in this place.
 D = Time resting spent in this place.
 E = Time spent auto-exploring this place.
 F = Levels seen in this place.
 G = Mean time per level.
                   A        B        C        D        E       F      G
               +--------+--------+--------+--------+--------+-----+--------+
         Total |    681 |    677 |      4 |    106 |    244 |   4 |  170.2 |
       Dungeon |    681 |    677 |      4 |    106 |    244 |   4 |  170.2 |
               +--------+--------+--------+--------+--------+-----+--------+

Top non-repeatable levels by time:
     D:1: 296 daAuts
     D:4: 279 daAuts
     D:2: 63 daAuts
     D:3: 42 daAuts
